 Dungeon Crawl Stone Soup version 0.29.1-2-gbd0b4ee654 (console) character file.

Game seed: 1443427935231178914

95136 om the Executioner (level 15, -1/126 HPs)
             Began as a Minotaur Berserker on Oct 28, 2022.
             Was a High Priest of Trog.
             Slain by a pharaoh ant (23 damage)
             ... on level 2 of the Spider Nest.
             The game lasted 00:51:57 (32789 turns).

om the Executioner (Minotaur Berserker)            Turns: 32789, Time: 00:51:57

Health: -1/126     AC: 15    Str: 28    XL:     15   Next: 65%
Magic:  14/14      EV: 19    Int:  4    God:    Trog [*****.]
Gold:   1398       SH:  5    Dex: 11    Spells: 14/14 levels left

rFire   . . .      SeeInvis +   a - +3 executioner's axe (vamp)
rCold   + . .      Faith    .   (shield currently unavailable)
rNeg    . . .      Spirit   .   E - +0 swamp dragon scales
rPois   +          Reflect  +   (helmet restricted)
rElec   +          Harm     .   j - +0 cloak
rCorr   +          Rampage  .   r - +0 pair of gloves
Will    ++...                   C - +0 pair of boots
Stlth   +.........              Q - amulet of reflection
HPRegen 0.31/turn               H - ring of Curiosity {rElec rC+ Will+ rCorr EV+4}
MPRegen 0.14/turn               v - ring of see invisible

@: no status effects
A: horns 2, retaliatory headbutt
a: Renounce Religion, Berserk, Trog's Hand, Brothers in Arms


You were on level 2 of the Spider Nest.
You worshipped Trog.
Trog was extremely pleased with you.
You visited 4 branches of the dungeon, and saw 24 of its levels.

You collected 2031 gold pieces.
You spent 633 gold pieces at shops.

Inventory:

Hand Weapons
 a - a +3 vampiric executioner's axe (weapon)
 b - a +2 longbow of flaming
 B - a +2 broad axe of flaming
Missiles
 e - 2 throwing nets (quivered)
Armour
 j - a +0 cloak (worn)
 r - a +0 pair of gloves (worn)
 C - a +0 pair of boots (worn)
 E - +0 swamp dragon scales (worn)
Jewellery
 h - an amulet of guardian spirit
 s - an amulet of the acrobat
 t - a +6 ring of dexterity
 v - a ring of see invisible (right hand)
 H - the ring of Curiosity (left hand) {rElec rC+ Will+ rCorr EV+4}
   (You acquired it on level 4 of the Lair of Beasts)

   [ring of evasion]

   EV:        It affects your evasion (+4).
   rC:        It protects you from cold.
   rElec:     It insulates you from electricity.
   rCorr:     It protects you from acid and corrosion.
   Will:      It increases your willpower.
 I - a ring of poison resistance
 N - a ring of ice
 O - a ring of resist corrosion
 P - an amulet of magic regeneration
 Q - an amulet of reflection (around neck)
 U - the amulet "Lixkez" {Spirit rN+}
   (You found it on level 5 of the Lair of Beasts)

   [amulet of guardian spirit]

   It causes incoming damage to be divided between your reserves of health and
   magic.
   rN:        It protects you from negative energy.
Wands
 o - a wand of digging (4)
 p - a wand of iceblast (17)
 q - a wand of acid (6)
 u - a wand of flame (14)
 A - a wand of mindburst (4)
Scrolls
 f - 16 scrolls of teleportation
 m - 6 scrolls of fear
 n - a scroll of butterflies
 w - 2 scrolls of enchant armour
 y - 2 scrolls of poison
 D - a scroll of summoning
 G - a scroll of brand weapon
 J - 5 scrolls of blinking
 K - 3 scrolls of identify
 L - 3 scrolls of magic mapping
 M - 2 scrolls of silence
 R - a scroll of immolation
 S - 2 scrolls of enchant weapon
Potions
 c - 7 potions of might
 d - 5 potions of haste
 g - 2 potions of invisibility
 i - 2 potions of heal wounds
 k - 3 potions of ambrosia
 l - 3 potions of resistance
 x - 4 potions of magic
 z - 4 potions of cancellation
 F - 4 potions of lignification
 T - a potion of berserk rage
 V - 10 potions of curing


   Skills:
 - Level 10.0 Fighting
 * Level 24.5 Axes
 * Level 7.2 Ranged Weapons
 + Level 12.1 Armour
 + Level 11.7 Dodging
 + Level 6.6 Evocations


You had 14 spell levels left.
You didn't know any spells.
Your spell library was empty.

Dungeon Overview and Level Annotations

Branches:
Dungeon (15/15)            Temple (0/1) D:5            Lair (5/5) D:8
 Shoals (0/4) Lair:2       Spider (2/4) Lair:2        Slime (0/5) Lair:4
    Orc (2/2) D:11            Elf (0/3) Orc:2        Vaults (0/5) D:13
 Depths (0/4) D:15

Altars:
Ashenzari
Gozag
Kikubaaqudgha
Makhleb
Okawaru
Uskayaw
Xom
Yredelemnul
The Shining One
Jiyva

Shops:
D:10 **   D:14 !   Orc:2 *?[?

Annotations:
D:11 3 runed translucent doors, Jingleheimer's ghost, journeyman TeFi; KittyFluff's ghost, journeyman GrBe; quakins's ghost, journeyman TrTm
D:12 2 transporters, Icepheonix32's ghost, journeyman MiFi
Lair:4 1 runed translucent door


Innate Abilities, Weirdness & Mutations

You have a pair of horns on your head.
You reflexively headbutt those who attack you in melee.


Message History

The wolf spider misses you. The pharaoh ant bites you!!
The wolf spider misses you.
The wolf spider bites you but does no damage.
The tarantella touches you!
You are more confused.
The pharaoh ant bites you!!
You hear an angry buzzing noise.
In your confused state, you trip and fall back down the stairs.
The wolf spider hits you!
* * * LOW HITPOINT WARNING * * *
The wolf spider closely misses you. The tarantella closely misses you.
The pharaoh ant bites you!!
* * * LOW HITPOINT WARNING * * *
The tarantella touches you but does no damage.
The wolf spider hits you!
* * * LOW HITPOINT WARNING * * *
The wolf spider misses you.
You feel much better. The pharaoh ant misses you. The wolf spider hits you.
* * * LOW HITPOINT WARNING * * *
The wolf spider bites you.
* * * LOW HITPOINT WARNING * * *
A spark wasp comes into view.
The tarantella closely misses you. The pharaoh ant closely misses you.
Unknown command.
You feel much better.
The wolf spider hits you but does no damage.
The wolf spider bites you but does no damage.
The tarantella touches you but does no damage.
The pharaoh ant bites you.
* * * LOW HITPOINT WARNING * * *
The tarantella misses you. The wolf spider completely misses you.
The wolf spider misses you.
You feel better. You block the pharaoh ant's attack. The wolf spider hits you.
* * * LOW HITPOINT WARNING * * *
You block the wolf spider's attack. The tarantella misses you.
The pharaoh ant misses you. The wolf spider hits you.
* * * LOW HITPOINT WARNING * * *
The wolf spider bites you but does no damage.
You block the tarantella's attack. The pharaoh ant bites you!!
You die...

.# .# .. . #.
#. ##. .## #..
^. . #..#.#
.[#
##.#.B..#...^^
#$..ys@..#
#..^.s##.#
#..##. .. #.
#. ..# ## ##


You could see a spark wasp, a wolf spider, a pharaoh ant and a tarantella.

Vanquished Creatures
  Jorgrun (Orc:1)
  A broodmother (Spider:1)
  Nessos (Lair:5)
  Azrael (D:14)
  A dire elephant (D:15)
  Snorg (D:11)
  Harold (D:11)
  Fannar (D:12)
  5 boulder beetles
  6 hydras
  4 catoblepae
  4 two-headed ogres
  2 centaur warriors
  A radroach (Spider:1)
  2 dancing weapons (D:13)
  2 tengu warriors
  14 death yaks
  3 orc high priests (Orc:2)
  Sonja (Lair:2)
  Nergalle (D:11)
  A pharaoh ant (Spider:1)
  4 skeletal warriors (D:12)
  6 orc knights
  An orb spider (Spider:1)
  A lindwurm (Lair:3)
  3 deep elf pyromancers
  3 cyclopes
  5 ugly things
  6 orc sorcerers
  9 wolf spiders
  A moth of wrath (Spider:1)
  3 black mambas
  3 elephants (Lair:5)
  2 manticores
  A salamander (D:15)
  Joseph (D:7)
  A torpor snail (Spider:1)
  9 cane toads
  Maggie (Lair:2)
  A rime drake (Lair:3)
  Psyche (D:11)
  An unseen horror (D:9)
  6 demonic crawlers (Spider:1)
  3 efreet
  3 gargoyles
  11 komodo dragons
  An unseen horror zombie (D:7)
  A tengu conjurer (D:14)
  A queen bee (shapeshifter) (D:14)
  A merfolk (D:15)
  3 hornets
  4 trolls
  A polar bear (Lair:3)
  6 tarantellas
  20 slime creatures
  Grinder (D:6)
  15 blink frogs
  6 jumping spiders (Spider:1)
  A shadow (D:10)
  3 culicivoras (Spider:1)
  4 vampires
  A human (shapeshifter) (D:14)
  A wraith (D:11)
  A wyvern (D:9)
  52 yaks
  A fire elemental (D:14)
  2 steam dragons
  A basilisk (Lair:5)
  6 redbacks (Spider:1)
  Menkaure (D:5)
  2 acid dragons
  2 swamp worms (D:11)
  4 hell hounds (D:14)
  16 orc warriors
  15 water moccasins
  3 sky beasts (D:7)
  2 black bears
  5 boggarts (D:14)
  3 hornet zombies (D:7)
  9 centaurs
  6 ogres
  2 phantoms
  A kobold brigand (D:8)
  9 bullfrogs
  A necrophage (D:6)
  2 gnoll sergeants
  A wyvern zombie (D:7)
  A water moccasin zombie (D:7)
  2 scorpions
  14 wights
  4 killer bees (D:9)
  11 howler monkeys
  An electric eel (Lair:5)
  A crimson imp (D:9)
  2 bullfrog zombies (D:7)
  3 centaur zombies (D:7)
  3 hounds
  2 jellies
  Crazy Yiuf (D:7)
  10 orc priests
  5 iguanas
  20 orc wizards
  2 killer bee zombies (D:7)
  A howler monkey zombie (D:7)
  12 adders
  8 gnolls
  A river rat (D:8)
  A shadow imp (Spider:1)
  2 ufetubi
  2 worms
  2 dart slugs
  49 orcs
  4 ball pythons
  4 bats
  3 endoplasms
  A giant cockroach (D:2)
  9 goblins
  5 hobgoblins
  8 jackals
  6 quokkas
  5 frilled lizards
  13 kobolds
  8 rats
583 creatures vanquished.

Vanquished Creatures (collateral kills)
  A jackal (D:2)
1 creature vanquished.

Vanquished Creatures (others)
  A wizard (D:9)
  An orc wizard (Orc:2)
  39 fungi
  54 plants
  A withered plant (D:7)
96 creatures vanquished.

Grand Total: 680 creatures vanquished

Notes
Turn   | Place    | Note
-------+----------+-------------------------------------------
     0 | D:1      | om the Minotaur Berserker began the quest for the Orb.
     0 | D:1      | Reached XP level 1. HP: 19/19 MP: 0/0
   271 | D:1      | Reached XP level 2. HP: 27/27 MP: 1/1
   384 | D:1      | Reached skill level 4 in Axes
  1209 | D:2      | Reached XP level 3. HP: 25/33 MP: 2/2
  1617 | D:2      | Reached ** piety under Trog
  1834 | D:2      | Found a faded altar of an unknown god.
  1893 | D:2      | Reached skill level 5 in Axes
  1893 | D:2      | Reached XP level 4. HP: 40/40 MP: 3/3
  2599 | D:3      | Reached skill level 6 in Axes
  2862 | D:3      | Reached XP level 5. HP: 46/46 MP: 4/4
  3152 | D:3      | Found a burning altar of Makhleb.
  3573 | D:4      | Noticed a phantom
  3586 | D:4      | Killed a phantom
  3587 | D:4      | Reached skill level 7 in Axes
  3587 | D:4      | Reached XP level 6. HP: 47/53 MP: 5/5
  4039 | D:4      | Found a hide-covered altar of Uskayaw.
  4332 | D:5      | Entered Level 5 of the Dungeon
  4406 | D:5      | Reached *** piety under Trog
  4411 | D:5      | Noticed a water moccasin
  4426 | D:5      | Killed a water moccasin
  4427 | D:5      | Reached skill level 5 in Fighting
  4427 | D:5      | Reached skill level 8 in Axes
  4773 | D:5      | Found a staircase to the Ecumenical Temple.
  4833 | D:5      | Noticed Menkaure
  4840 | D:5      | Killed Menkaure
  4841 | D:5      | Reached skill level 9 in Axes
  4841 | D:5      | Reached XP level 7. HP: 61/61 MP: 4/6
  5140 | D:5      | Reached skill level 10 in Axes
  5380 | D:6      | Noticed a steam dragon
  5392 | D:6      | Killed a steam dragon
  5742 | D:6      | Found a broken altar of Ashenzari.
  5743 | D:6      | Found a shimmering altar of Xom.
  5751 | D:6      | Reached XP level 8. HP: 55/68 MP: 7/7
  6040 | D:6      | Noticed Grinder
  6052 | D:6      | Paralysed by Grinder for 2 turns
  6065 | D:6      | Killed Grinder
  6627 | D:7      | Reached skill level 5 in Armour
  6630 | D:7      | Reached skill level 11 in Axes
  6630 | D:7      | Reached skill level 5 in Dodging
  6849 | D:7      | Reached skill level 12 in Axes
  6849 | D:7      | Reached XP level 9. HP: 64/75 MP: 6/8
  6966 | D:7      | Noticed a two-headed ogre
  6981 | D:7      | Killed a two-headed ogre
  7177 | D:7      | Reached skill level 13 in Axes
  7328 | D:7      | Noticed Joseph
  7348 | D:7      | Killed Joseph
  7349 | D:7      | Reached skill level 14 in Axes
  7642 | D:7      | Found a runed translucent door.
  7645 | D:7      | Noticed Crazy Yiuf
  7647 | D:7      | Paralysed by Crazy Yiuf for 4 turns
  7652 | D:7      | Killed Crazy Yiuf
  7866 | D:8      | Reached XP level 10. HP: 79/79 MP: 6/9
  7921 | D:8      | Noticed a death yak
  7922 | D:8      | Found a staircase to the Lair.
  7922 | D:8      | Noticed a death yak
  8185 | D:8      | Noticed a death yak
  8204 | D:8      | Killed a death yak
  8205 | D:8      | Reached skill level 15 in Axes
  8254 | D:7      | Killed a death yak
  8255 | D:7      | Reached skill level 16 in Axes
  8500 | D:8      | Reached skill level 1 in Evocations
  8727 | D:8      | Reached **** piety under Trog
  8804 | D:8      | Killed a death yak
  9458 | D:9      | Reached skill level 17 in Axes
  9458 | D:9      | Reached XP level 11. HP: 51/89 MP: 6/10
 10065 | D:9      | Found an iron altar of Okawaru.
 10430 | D:9      | Paralysed by a hornet for 2 turns
 10609 | D:9      | Noticed a two-headed ogre
 10622 | D:9      | Killed a two-headed ogre
 10623 | D:9      | Reached skill level 18 in Axes
 10914 | D:9      | Found a glowing golden altar of the Shining One.
 10968 | D:9      | Noticed a wizard
 10978 | D:9      | Killed a wizard
 11284 | D:10     | Entered Level 10 of the Dungeon
 11284 | D:10     | Found an opulent altar of Gozag.
 11489 | D:10     | Found Qusec's General Store.
 11495 | D:10     | Paralysed by a hornet for 1 turns
 11654 | D:10     | Bought a scroll of identify for 26 gold pieces
 11792 | D:10     | Found Gozag's Platinum Reserve.
 12312 | D:10     | Found a basalt altar of Yredelemnul.
 12965 | D:11     | Found a staircase to the Orcish Mines.
 12965 | D:11     | Noticed Snorg
 13031 | D:11     | Killed Snorg
 13124 | D:11     | Found a runed translucent gate.
 13124 | D:11     | Found a runed translucent gate.
 13124 | D:11     | Found a runed translucent gate.
 13125 | D:11     | Noticed Jingleheimer's ghost (journeyman TeFi)
 13125 | D:11     | Noticed quakins's ghost (journeyman TrTm)
 13127 | D:11     | Noticed KittyFluff's ghost (journeyman GrBe)
 13192 | D:11     | Noticed an eight-headed hydra
 13661 | D:11     | Noticed Harold
 13668 | D:11     | Killed Harold
 13707 | D:11     | Noticed Nergalle
 13722 | D:11     | Killed Nergalle
 14055 | Orc:1    | Entered Level 1 of the Orcish Mines
 14182 | Orc:2    | Entered Level 2 of the Orcish Mines
 14219 | Orc:1    | Reached XP level 12. HP: 61/101 MP: 8/11
 14732 | Orc:1    | HP: 2/151 [sixfirhy[an orc sorcerer] (8)]
 15184 | Orc:1    | Noticed Jorgrun
 15196 | Orc:1    | HP: 5/151 [constriction (13)]
 15197 | Orc:1    | Killed Jorgrun
 15577 | Orc:1    | Reached ***** piety under Trog
 15579 | Orc:1    | Found a burning altar of Makhleb.
 15912 | Orc:2    | Paralysed by an orc sorcerer for 3 turns
 15926 | Orc:1    | Reached skill level 10 in Armour
 16265 | Orc:2    | Reached skill level 10 in Dodging
 16390 | Orc:2    | Found a staircase to the Elven Halls.
 16645 | Orc:2    | Received a gift from Trog
 16667 | Orc:2    | Noticed an orc high priest
 16673 | Orc:2    | Killed an orc high priest
 16891 | Orc:2    | Noticed an orc high priest
 16902 | Orc:2    | Killed an orc high priest
 16905 | Orc:2    | Noticed an orc high priest
 16909 | Orc:2    | Reached skill level 10 in Fighting
 16915 | Orc:2    | Killed an orc high priest
 16943 | Orc:2    | Found Derph's General Store.
 16943 | Orc:2    | Found Nelosh's Magic Scroll Shop.
 16945 | Orc:2    | Found Diptotry's Magic Scroll Emporium.
 16945 | Orc:2    | Found Dawnokleos's Antique Armour Shop.
 16951 | Orc:2    | Bought a potion of lignification for 33 gold pieces
 16951 | Orc:2    | Bought a scroll of identify for 22 gold pieces
 16951 | Orc:2    | Bought a scroll of identify for 22 gold pieces
 16956 | Orc:2    | Bought a scroll of blinking for 112 gold pieces
 16959 | Orc:2    | Bought a scroll of identify for 30 gold pieces
 16959 | Orc:2    | Bought a scroll of identify for 30 gold pieces
 16959 | Orc:2    | Bought a scroll of magic mapping for 112 gold pieces
 16959 | Orc:2    | Bought a scroll of identify for 30 gold pieces
 17051 | D:11     | Noticed a boulder beetle
 17066 | D:11     | Killed a boulder beetle
 17067 | D:11     | Reached skill level 19 in Axes
 17227 | D:11     | Noticed a seven-headed hydra
 17235 | D:11     | Killed an eight-headed hydra
 17307 | D:11     | Noticed Psyche
 17312 | D:11     | Killed Psyche
 17690 | D:11     | Reached XP level 13. HP: 113/113 MP: 12/12
 18406 | D:12     | Noticed Icepheonix32's ghost (journeyman MiFi)
 18407 | D:12     | Found a transporter.
 18435 | D:12     | Reached skill level 20 in Axes
 18450 | D:12     | Noticed Fannar
 18459 | D:12     | Killed Fannar
 18826 | D:12     | Found a transporter.
 19368 | D:13     | You fall into a shaft and drop 2 floors!
 19368 | D:15     | Entered Level 15 of the Dungeon
 19519 | D:15     | Reached skill level 21 in Axes
 19589 | D:14     | Noticed Azrael
 19617 | D:14     | Killed Azrael
 20409 | D:13     | Reached skill level 22 in Axes
 21404 | D:13     | Found a gate to the Vaults.
 21669 | D:13     | Reached XP level 14. HP: 121/121 MP: 13/13
 21967 | D:14     | Found Atodgh's Distillery.
 21981 | D:14     | Bought a potion of might for 72 gold pieces
 21981 | D:14     | Bought a potion of mutation for 144 gold pieces
 22034 | D:14     | Reached skill level 23 in Axes
 22608 | D:15     | Found a staircase to the Depths.
 23815 | D:15     | Found an ancient bone altar of Kikubaaqudgha.
 24475 | Lair:1   | Entered Level 1 of the Lair of Beasts
 24701 | Lair:1   | Reached skill level 24 in Axes
 25182 | Lair:1   | Reached skill level 1 in Ranged Weapons
 25598 | Lair:2   | Noticed Maggie
 25609 | Lair:2   | Killed Maggie
 26053 | Lair:2   | Found a staircase to the Shoals.
 26492 | Lair:2   | Found a hole to the Spider Nest.
 26584 | Lair:2   | Noticed Sonja
 26596 | Lair:2   | Killed Sonja
 27092 | Lair:3   | Reached skill level 5 in Evocations
 28914 | Lair:4   | Identified a scroll of acquirement
 29161 | Lair:4   | Acquired the ring of Curiosity {rElec rC+ Will+ rCorr EV+4}
 29255 | Lair:4   | Found a runed translucent door.
 29257 | Lair:4   | Found a viscous altar of Jiyva.
 29259 | Lair:4   | Found a staircase to the Slime Pits.
 29301 | Lair:4   | Reached XP level 15. HP: 101/126 MP: 14/14
 29724 | Lair:5   | Entered Level 5 of the Lair of Beasts
 29816 | Lair:5   | Identified the amulet "Lixkez" {Spirit rN+}
 29842 | Lair:5   | Noticed Nessos
 29850 | Lair:5   | Killed Nessos
 30504 | Lair:5   | Reached skill level 5 in Ranged Weapons
 30668 | Lair:5   | Received a gift from Trog
 31375 | Spider:1 | Entered Level 1 of the Spider Nest
 32789 | Spider:2 | Slain by a pharaoh ant

Illustrated notes

Levels and vault maps discovered:
D:1:      minmay_arrival_jagged, layout_loops_cross
D:2:      layout_loops_ring, ebering_ecumenical_altar_rust
D:3:      layout_loops_corners, makhleb_altar_promises_db
D:4:      layout_rooms, mainiacjoe_overflow_chevrons, hangedman_decor_push,
          minmay_starry_boxes
D:5:      layout_basic, temple_green, minmay_misc_feat_four_crosses,
          uniq_menkaure
D:6:      layout_loops_ring, grunt_temple_overflow_open, uniq_grinder
D:7:      layout_rooms, serial_undead, serial_undead_a, serial_undead_a,
          serial_undead_f, serial_undead_e, serial_undead_c, uniq_joseph,
          uniq_crazy_yiuf_cottage
D:8:      layout_loops_cross, dpeg_lair_monsters
D:9:      layout_basic, general_overflow_altar,
          mainiacjoe_overflow_tiny_flanked, chequers_decorated_corner,
          lightli_wizard_tower
D:10:     layout_long_grid, mainiacjoe_overflow_brackets,
          nicolae_gozag_zags_fifth_avenue, serial_shops, nicolae_shop_stone,
          minivault_4, nicolae_hexahallways, st_stairs_7
D:11:     layout_roguey, david_orc_2, gammafunk_ghost_cemetery, worms_lemuel,
          uniq_psyche, uniq_nergalle, uniq_harold, uniq_snorg
D:12:     layout_loops_ring, gammafunk_ghost_stat_death, uniq_fannar
D:13:     layout_irregular_city, erik_vaults_1, lemuel_flamethrower_3
D:14:     layout_cave_pools, serial_park_gazebo [serial_park_minivault_5x5_6],
          serial_shops, nicolae_shop_advertising_works
          [nicolae_subvault_shop_adworks], item_on_display_a, uniq_azrael
D:15:     hangedman_depths_entry_try_elsewhere_first, layout_stronghold,
          kiku_gazebo_pond_becter
Lair:1:   layout_cave_pods
Lair:2:   layout_cave_pods, elwin_shoals_entry_rooms, spider_nest_entry_rubble,
          dreamdust_mushroom_princess, uniq_sonja, uniq_maggie
Lair:3:   wad_woods_structure_01, layout_long_grid, serial_bayou_shore_b
Lair:4:   layout_gridlike, slime_entry_2
Lair:5:   evilmike_catoblepas_cave, layout_misc_corridors, serial_bayou_shore_a,
          uniq_nessos
Spider:1: layout_spider_delve, nicolae_crawler_farm
Spider:2: nicolae_spider_hilbert_zone_3 [nicolae_spider_hilbert_4_sides_2_open,
          nicolae_spider_hilbert_3_sides_1_open,
          nicolae_spider_hilbert_3_sides_1_open,
          nicolae_spider_hilbert_3_sides_1_open,
          nicolae_spider_hilbert_3_sides_1_open,
          nicolae_spider_hilbert_4_sides_1_open,
          nicolae_spider_hilbert_4_sides_1_open,
          nicolae_spider_hilbert_4_sides_1_open,
          nicolae_spider_hilbert_4_sides_1_open,
          nicolae_spider_hilbert_4_sides_1_open,
          nicolae_spider_hilbert_4_sides_1_open,
          nicolae_spider_hilbert_4_sides_1_open,
          nicolae_spider_hilbert_4_sides_1_open,
          nicolae_spider_hilbert_3_sides_1_open,
          nicolae_spider_hilbert_3_sides_1_open,
          nicolae_spider_hilbert_3_sides_1_open,
          nicolae_spider_hilbert_3_sides_1_open], special_room
          [special_room_bee]
Orc:1:    layout_caves, basic_altar, uniq_jorgrun
Orc:2:    grunt_orc_tribal_feast, layout_caves

Skill      XL: |  1  2  3  4  5  6  7  8  9 10 11 12 13 14 15 |
---------------+----------------------------------------------+-----
Axes           | 4 5 6 7 9 10 12 14 17 18 19 22 24 | 24.5
Fighting       | 4 5 6 8 10 | 10.0
Armour         | 3 5 6 8 10 11 12 | 12.1
Dodging        | 3 5 6 8 10 11 | 11.7
Evocations     | 4 5 6 |  6.6
Ranged Weapons | 4 7 |  7.2

Action                   |  1- 3 |  4- 6 |  7- 9 | 10-12 | 13-15 || total
-------------------------+-------+-------+-------+-------+-------++-------
Melee: Hand axe          |    77 |   144 |   230 |     2 |       ||   453
       Headbutt          |    14 |    24 |    59 |   105 |   206 ||   408
       Punch             |       |       |     2 |     2 |     4 ||     8
       War axe           |       |       |       |   105 |       ||   105
       Battleaxe         |       |       |       |   367 |   408 ||   775
       Broad axe         |       |       |       |       |   212 ||   212
       Executioner's axe |       |       |       |       |   146 ||   146
 Fire: Sling             |       |       |       |     5 |       ||     5
       Longbow           |       |       |       |       |    55 ||    55
Invok: Berserk           |       |     3 |     5 |    16 |    14 ||    38
       Trog's Hand       |       |     1 |     1 |     8 |     2 ||    12
       Brothers in Arms  |       |       |       |     1 |     1 ||     2
Evoke: Wand              |       |       |       |    11 |     5 ||    16
  Use: Scroll            |     3 |     8 |     1 |    14 |     6 ||    32
       Potion            |       |       |       |     4 |     5 ||     9
Armor: Animal skin       |     3 |       |       |       |       ||     3
       Ring mail         |    16 |    57 |    61 |    59 |       ||   193
       Leather armour    |       |       |       |    39 |       ||    39
       Chain mail        |       |       |       |    46 |   102 ||   148
       Swamp dragon scal |       |       |       |       |   113 ||   113
Dodge: Dodged            |    38 |    86 |   122 |   310 |   472 ||  1028
Block: Other             |       |       |       |       |    49 ||    49
       Reflection        |       |       |       |       |     1 ||     1
